Map: Deathaura LE

Players

Cham

  • Race: Zerg Zerg
  • League: Master
  • Spawn Location: 11:00

Kelazhur - Winner!

  • Race: Terran Terran
  • League: Master
  • Spawn Location: 5:00

VOD

Have the link to the VOD?

Description

Time

  • Played on: June 18, 2020, 1:08 p.m.
  • Length: 6:18
Show
View Real Time Build Order
Export as new Build Order

Cham Zerg 

Build Orders: Hatch First 

Get SALT Encoding   

  12  0:00  Drone  
  13  0:09  Drone  
  14  0:17  Overlord  
  15  0:35  Drone x2  
  16  0:48  Hatchery  
  15  0:52  Drone  
  15  0:56  Drone  
  17  0:59  Drone  
  18  1:10  Extractor  
  17  1:14  Spawning Pool  
  17  1:17  Drone  
  17  1:20  Drone  
  18  1:29  Drone  
  19  1:40  Drone  
  20  1:51  Drone  
  21  2:01  Queen x2  
  21  2:02  Zergling x4  
  27  2:10  Overlord  
  27  2:21  Metabolic Boost  
  27  2:24  Drone  
  28  2:30  Hatchery  
  28  2:33  Drone  
  28  2:41  Queen  
  29  2:44  Drone  
  29  2:49  Drone x2  
  32  2:52  Overlord  
  32  2:54  Drone  
  32  2:58  Drone  
  34  2:59  Drone  
  35  3:07  Overlord  
  35  3:14  Drone x3  
  35  3:15  Drone  
  35  3:16  Drone  
  40  3:20  Queen  
  40  3:26  Overlord  
  42  3:29  Drone  
  42  3:31  Drone  
  44  3:40  Drone  
  45  3:44  Zergling x6  
  45  3:45  Zergling x2  
  45  3:46  Drone x4  
  53  3:48  Queen  
  55  3:56  Overlord  
  55  3:57  Drone  
  55  3:58  Drone  
  55  4:00  Queen  
  59  4:03  Drone  
  59  4:06  Extractor  
  59  4:07  Drone  
  59  4:08  Drone  
  62  4:14  Overlord  
  62  4:15  Drone x2  
  64  4:20  Drone  
  64  4:23  Spore Crawler x2  
  63  4:24  Lair, Spore Crawler  
  63  4:26  Zergling x2  
  63  4:30  Zergling x6  
  65  4:31  Extractor  
  65  4:34  Zergling x6  
  65  4:38  Queen  
  69  4:44  Drone x2, Baneling Nest  
  70  4:46  Drone  
  70  4:49  Drone  
  70  4:50  Drone x2  
  70  4:51  Drone  
  70  4:52  Drone  
  76  4:55  Zergling x2  
  76  4:58  Zergling x4  
  76  4:59  Drone  
  80  5:01  Overlord  
  80  5:04  Drone  
  81  5:08  Overlord  
  81  5:09  Spine Crawler  
  81  5:11  Zergling x2  
  81  5:13  Overlord  
  79  5:14  Extractor  
  79  5:16  Drone x2  
  79  5:18  Drone  
  79  5:21  Drone x4  
  83  5:22  Drone  
  83  5:24  Drone  
  83  5:25  Drone  
  83  5:26  Drone  
  89  5:29  Extractor  
  89  5:30  Drone  
  89  5:34  Drone  
  90  5:38  Drone  
  90  5:39  Baneling x6  
  91  5:44  Overlord  
  91  5:47  Baneling  
  82  5:57  Overlord  
  82  6:01  Zergling x2  
Show
View Real Time Build Order
Export as new Build Order

Kelazhur Terran - Winner!

Build Orders: Reaper Expand, Hellion Banshee 

Get SALT Encoding   

  12  0:00  SCV  
  13  0:12  SCV  
  14  0:17  Supply Depot  
  14  0:25  SCV  
  15  0:38  SCV  
  15  0:39  Barracks  
  16  0:43  Refinery  
  16  0:50  SCV  
  17  1:02  SCV  
  18  1:14  SCV  
  19  1:26  Reaper  
  19  1:27  Orbital Command  
  20  1:38  Command Center  
  20  1:47  Supply Depot  
  20  1:52  SCV  
  21  1:58  Marine  
  22  2:02  Factory  
  22  2:05  SCV  
  23  2:14  Refinery  
  23  2:17  SCV  
  23  2:19  Barracks Reactor  
  24  2:29  SCV  
  25  2:41  SCV  
  26  2:50  Starport, Orbital Command  
  26  2:54  SCV  
  27  3:00  Hellion x2  
  27  3:05  Barracks Tech Lab  
  31  3:06  SCV  
  32  3:17  SCV  
  32  3:18  SCV  
  34  3:21  Hellion x2  
  34  3:22  Supply Depot  
  38  3:29  SCV  
  38  3:30  SCV  
  38  3:33  Banshee  
  43  3:34  Cloaking Field  
  43  3:41  SCV  
  43  3:43  Hellion  
  43  3:44  Hellion  
  43  3:47  SCV  
  43  3:48  Supply Depot  
  49  3:54  SCV  
  50  3:58  Supply Depot  
  50  4:00  SCV  
  51  4:08  Hellion  
  51  4:09  SCV  
  56  4:10  Hellion  
  56  4:12  SCV  
  56  4:16  Banshee  
  60  4:21  SCV  
  60  4:24  SCV  
  61  4:29  Command Center  
  61  4:33  SCV  
  61  4:35  Supply Depot  
  61  4:36  SCV  
  63  4:41  Hellion x2  
  63  4:45  SCV  
  68  4:46  Supply Depot  
  68  4:50  Armory  
  68  4:52  SCV  
  69  4:57  SCV  
  70  5:01  Banshee  
  70  5:04  SCV  
  74  5:11  SCV  
  75  5:16  Hellion x2  
  75  5:19  SCV, Refinery  
  75  5:20  Refinery  
  80  5:22  Supply Depot  
  80  5:23  SCV  
  81  5:31  SCV  
  82  5:35  SCV  
  82  5:40  Hellion  
  82  5:41  Hellion, Factory  
  87  5:43  SCV, Factory  
  87  5:44  Supply Depot  
  85  5:57  SCV  
  85  5:59  SCV  
Tags
 
Add a new tag
Caveats
  • Supply blocks, unpowered buildings, or Contaminate may cause inaccurate times.
  • Supply counts are checked every 10 seconds.